[Event "Titled Tuesday Blitz August 1 Early 2023"]
[White "Bazilius, Augustinas"]
[Black "Dziththauly Ramadhan"]
[WhiteFideId "12832251"]
[BlackFideId "7105525"]
[WhiteElo "2395"]
[BlackElo "2771"]
[Result "0-1"]
[Round "2"]
[TimeControl "180+1"]
[Date "2023.08.01"]
[WhiteClock "0:00:00"]
[BlackClock "0:00:18"]
[Board "145"]

1. d4 Nf6 2. c4 e6 3. Nf3 b6 4. a3 Bb7 5. Nc3 d5 6. cxd5 Nxd5 7. Qc2 c5 8. e4 Nxc3 9. bxc3 Be7 10. Bb5+ Nd7 11. O-O O-O 12. Be3 Rc8 13. Qe2 Bxe4 14. Ba6 Ra8 15. Bf4 Bc6 16. Rfe1 Nf6 17. Ne5 Qd5 18. Nxc6 Qxc6 19. a4 Rad8 20. Bb5 Qb7 21. Ba6 Qa8 22. Bc7 Rd7 23. Be5 Nd5 24. Bb5 Rdd8 25. dxc5 bxc5 26. a5 Bf6 27. Bxf6 Nxf6 28. a6 Qd5 29. Bc4 Qc6 30. Rab1 Rb8 31. Qe5 Rxb1 32. Rxb1 h6 33. Rb7 Rd8 34. h3 Qa4 35. Qc7 Rd7 36. Qxc5 Rd1+ 37. Kh2 Qa1 38. Rb8+ Kh7 39. Qe5 Rh1+ 40. Kg3 Qxc3+ 41. Qxc3 Ne4+ 42. Kf3 Nxc3 43. Bd3+ g6 44. Rb7 Rd1 45. Rxf7+ Kg8 46. Bxg6 Ra1 47. Rxa7 Nb5 48. Ra8+ Kg7 49. Bd3 Nd4+ 50. Ke3 Nc6 51. Rc8 Nb4 52. Rc7+ Kf6 53. a7 Ra3 54. Rd7 Nc6 55. Kf3 Ne5+ 56. Ke4 Nxd7 0-1


[Site "https://www.chess.com"]

[Event "Titled Tuesday Blitz August 1 Early 2023"]
[White "Castella Garcia, Fausto"]
[Black "Kaczur, Florian"]
[WhiteFideId "3501922"]
[BlackFideId "705098"]
[WhiteElo "2395"]
[BlackElo "2770"]
[Result "0-1"]
[Round "2"]
[TimeControl "180+1"]
[Date "2023.08.01"]
[WhiteClock "0:00:59"]
[BlackClock "0:02:09"]
[Board "146"]

1. e4 e5 2. Nf3 Nc6 3. Bb5 Nd4 4. Nxd4 exd4 5. O-O Nf6 6. d3 c6 7. Ba4 Bc5 8. f4 d5 9. e5 Nd7 10. Qh5 O-O 11. Nd2 a5 12. Nf3 b5 13. f5 bxa4 14. f6 Nxf6 15. exf6 Qxf6 16. Bg5 Qg6 17. Qh4 f6 18. Bf4 Qg4 19. Qxg4 Bxg4 20. Rae1 Rfe8 0-1


[Site "https://www.chess.com"]

[Event "Titled Tuesday Blitz August 1 Early 2023"]
[White "Wagh Suyog"]
[Black "Mika, Tomasz"]
[WhiteFideId "25071688"]
[BlackFideId "1132970"]
[WhiteElo "2768"]
[BlackElo "2394"]
[Result "1-0"]
[Round "2"]
[TimeControl "180+1"]
[Date "2023.08.01"]
[WhiteClock "0:00:11"]
[BlackClock "0:00:02"]
[Board "147"]

1. d4 Nf6 2. c4 e6 3. Nf3 d5 4. g3 Bb4+ 5. Bd2 Be7 6. Bg2 O-O 7. O-O c6 8. Qc2 Nbd7 9. Bf4 b6 10. cxd5 cxd5 11. Ne5 Bb7 12. Nc6 Bxc6 13. Qxc6 Qc8 14. Qa4 Qb7 15. Nc3 a6 16. Rfe1 b5 17. Qb3 Nb6 18. e4 b4 19. exd5 Nbxd5 20. Be5 Rfd8 21. Rac1 Rac8 22. Na4 Rxc1 23. Rxc1 Rc8 24. Nc5 Bxc5 25. dxc5 Nd7 26. Bd6 Qc6 27. Bxd5 Qxd5 28. Qxd5 exd5 29. c6 Nb6 30. b3 a5 31. f4 f6 32. f5 Kf7 33. Kf2 g6 34. g4 d4 35. Rc5 gxf5 36. gxf5 h5 37. Ke2 a4 38. Kd3 axb3 39. axb3 Ra8 40. Rb5 Nc8 41. Rb7+ Ke8 42. Bxb4 Ra6 43. Rc7 Nb6 44. Re7+ Kd8 45. c7+ Kc8 46. Bd6 Ra8 47. Kxd4 Kb7 48. Bc5 Nc8 49. Rf7 Ra2 50. Rxf6 Rd2+ 51. Kc3 Rxh2 52. Rf7 Rh3+ 53. Kc4 Rh4+ 54. Kd5 Rh3 55. f6 Rxb3 56. Ke4 h4 57. Rh7 Kc6 58. f7 Kxc5 59. f8=Q+ Nd6+ 60. Qxd6+ 1-0


[Site "https://www.chess.com"]

[Event "Titled Tuesday Blitz August 1 Early 2023"]
[White "Hoffmann, Asa"]
[Black "Lamaze, Simon"]
[WhiteFideId "2001470"]
[BlackFideId "36069264"]
[WhiteElo "2393"]
[BlackElo "2765"]
[Result "0-1"]
[Round "2"]
[TimeControl "180+1"]
[Date "2023.08.01"]
[WhiteClock "0:00:06"]
[BlackClock "0:01:24"]
[Board "148"]

1. d4 f6 2. e4 g6 3. h4 Nh6 4. h5 Nf7 5. Nc3 c6 6. Bc4 e6 7. Qe2 gxh5 8. Rxh5 Qe7 9. Nf3 d5 10. Bb3 Nd7 11. Bf4 Nb6 12. O-O-O Bd7 13. exd5 exd5 14. Qd3 O-O-O 15. Re1 Qb4 16. a3 Qa5 17. Rxh7 Rxh7 18. Qxh7 Nd6 19. Qh4 Ndc4 20. Qxf6 Bxa3 21. Bxc4 Bxb2+ 22. Kxb2 Nxc4+ 23. Kc1 Qa1+ 24. Nb1 Qb2+ 25. Kd1 Qxb1+ 26. Ke2 Qxc2+ 27. Kf1 Qf5 28. Qh6 Rg8 29. Rc1 Qd3+ 30. Kg1 Qxf3 31. Bg3 Qf7 32. Rxc4 dxc4 33. Qd6 Rxg3 0-1


[Site "https://www.chess.com"]

[Event "Titled Tuesday Blitz August 1 Early 2023"]
[White "Csonka, Balazs"]
[Black "Dishman, Stephen"]
[WhiteFideId "742910"]
[BlackFideId "403024"]
[WhiteElo "2731"]
[BlackElo "2392"]
[Result "0-1"]
[Round "2"]
[TimeControl "180+1"]
[Date "2023.08.01"]
[WhiteClock "0:00:14"]
[BlackClock "0:01:06"]
[Board "149"]

1. e4 c6 2. d4 d5 3. f3 dxe4 4. fxe4 e5 5. Nf3 Bg4 6. Bc4 Nd7 7. c3 Bh5 8. O-O Ngf6 9. Bd3 Bd6 10. Na3 b5 11. Nc2 Qc7 12. Qe1 O-O 13. Ne3 exd4 14. cxd4 Bg6 15. Nd1 Nxe4 16. Bxe4 Rae8 17. Nf2 Nf6 18. Ng5 Nxe4 19. Kh1 0-1


[Site "https://www.chess.com"]

[Event "Titled Tuesday Blitz August 1 Early 2023"]
[White "Mikhalsky, Vladimir"]
[Black "Javakhadze, Zurab"]
[WhiteFideId "14144352"]
[BlackFideId "13603647"]
[WhiteElo "2390"]
[BlackElo "2725"]
[Result "0-1"]
[Round "2"]
[TimeControl "180+1"]
[Date "2023.08.01"]
[WhiteClock "0:00:00"]
[BlackClock "0:00:12"]
[Board "150"]

1. d4 Nf6 2. c4 e6 3. g3 d5 4. Bg2 Be7 5. Nf3 O-O 6. O-O a5 7. Nc3 c6 8. c5 b6 9. cxb6 Nbd7 10. Na4 Nxb6 11. Bf4 Ba6 12. Ne5 Rc8 13. Nc5 Bxc5 14. dxc5 Nbd7 15. Rc1 Re8 16. Re1 Nxe5 17. Bxe5 Nd7 18. Bd6 Qf6 19. Qd2 Ne5 20. b3 Ng4 21. Qf4 Qxf4 22. gxf4 f6 23. Bh3 h5 24. f3 Ne3 25. Kf2 d4 26. Rg1 Kf7 27. Rg3 h4 28. Rgg1 Ra8 29. Bg4 g6 30. Bh3 a4 31. Rgd1 Nxd1+ 32. Rxd1 axb3 33. axb3 Bb5 34. Rxd4 Ra2 35. Re4 Rb2 36. Re3 f5 37. Be5 Rc2 38. Bd4 Rd8 39. Be5 Rxc5 40. b4 Rc2 41. Bf1 Rdd2 42. Ke1 Rd7 43. Ra3 Rc1+ 44. Kf2 Rdd1 45. Bg2 Rd7 46. Ra8 Rb1 47. Rh8 Re7 48. Rxh4 Ke8 49. Bd6 Rg7 50. Bc5 g5 51. Rh6 Kf7 52. fxg5 Rxg5 53. f4 Rg4 54. Bf3 Rxf4 55. Ke3 Rc4 56. Bh5+ Kg7 57. Rxe6 Rb3+ 58. Kf2 Rf4+ 59. Bf3 Rh4 60. Kg3 Re4 0-1


[Site "https://www.chess.com"]

[Event "Titled Tuesday Blitz August 1 Early 2023"]
[White "Jaracz, Pawel"]
[Black "Namitbir Singh Walia"]
[WhiteFideId "1102222"]
[BlackFideId "35071068"]
[WhiteElo "2723"]
[BlackElo "2390"]
[Result "1-0"]
[Round "2"]
[TimeControl "180+1"]
[Date "2023.08.01"]
[WhiteClock "0:00:03"]
[BlackClock "0:00:04"]
[Board "151"]

1. g3 Nf6 2. Bg2 d5 3. c4 c6 4. Nf3 g6 5. Qa4 Nfd7 6. cxd5 cxd5 7. Nc3 e6 8. h4 Nc6 9. h5 Nb6 10. Qd1 Bg7 11. d4 O-O 12. hxg6 hxg6 13. Bf4 Re8 14. Qc1 Nc4 15. Bh6 Bf6 16. e4 Nxd4 17. Nxd4 Bxd4 18. O-O Qb6 19. exd5 Qxb2 20. Qxb2 Nxb2 21. Nb5 Bb6 22. a4 exd5 23. a5 Bd8 24. Bxd5 Be6 25. Bxb7 Rb8 26. a6 Bb6 27. Bf4 Bc4 28. Rfb1 Nd3 29. Bxb8 Bxf2+ 30. Kh2 Rxb8 31. Nd6 Be6 32. Be4 Rd8 33. Rd1 Rxd6 34. Rxd3 Rb6 35. Rf1 Bc5 36. Rd2 Rxa6 37. Bd5 Bxd5 38. Rxd5 Be7 39. Rd7 Bf6 40. Rb1 Kg7 41. Rbb7 Ra2+ 42. Kh3 Kh6 43. Rxf7 Be5 44. Rh7+ Kg5 45. Rxa7 Re2 46. Ra5 Re3 47. Kh2 Kf6 48. Rh3 Re2+ 49. Kh1 g5 50. Ra4 Kf5 51. g4+ Kf6 52. Rh6+ Kg7 53. Re6 Re1+ 54. Kg2 Re3 55. Raa6 Rg3+ 56. Kf2 Bf4 57. Re7+ Kf8 58. Rb7 Re3 59. Ra8+ Re8 60. Rxe8+ Kxe8 61. Kf3 Kf8 62. Ke4 Kg8 63. Kf5 Kf8 64. Kf6 Ke8 65. Re7+ Kd8 66. Rg7 Ke8 67. Rg8+ Kd7 68. Rxg5 Bxg5+ 69. Kxg5 1-0


[Site "https://www.chess.com"]

[Event "Titled Tuesday Blitz August 1 Early 2023"]
[White "Papasimakopoulos, Alexandros"]
[Black "Gombocz, Ferenc Jr."]
[WhiteFideId "4244125"]
[BlackFideId "775029"]
[WhiteElo "2711"]
[BlackElo "2389"]
[Result "1-0"]
[Round "2"]
[TimeControl "180+1"]
[Date "2023.08.01"]
[WhiteClock "0:02:08"]
[BlackClock "0:01:07"]
[Board "152"]

1. Nf3 d5 2. b3 Nf6 3. Bb2 c5 4. e3 Nc6 5. Bb5 Bd7 6. O-O e6 7. c4 a6 8. Bxc6 Bxc6 9. cxd5 Bxd5 10. d4 Be7 11. Nbd2 O-O 12. Re1 Ne4 13. Rc1 Rc8 14. Nxe4 Bxe4 15. Ne5 b6 16. Qg4 Bf5 17. Qe2 cxd4 18. Bxd4 b5 19. a4 Qd5 20. axb5 Qxb5 21. Qxb5 axb5 22. Nc6 Bd6 23. f3 Ba3 24. Rc3 Bb2 25. Ne7+ 1-0


[Site "https://www.chess.com"]

[Event "Titled Tuesday Blitz August 1 Early 2023"]
[White "Lee, Jun Hyeok"]
[Black "Kayis, Gulcan Sena"]
[WhiteFideId "13202340"]
[BlackFideId "34553045"]
[WhiteElo "2710"]
[BlackElo "2388"]
[Result "0-1"]
[Round "2"]
[TimeControl "180+1"]
[Date "2023.08.01"]
[WhiteClock "0:01:33"]
[BlackClock "0:02:23"]
[Board "153"]

1. e4 e6 2. d4 d5 3. Nc3 Nf6 4. e5 Nfd7 5. f4 c5 6. Nf3 Nc6 7. Be3 Be7 8. Qd2 O-O 9. dxc5 Bxc5 10. O-O-O Qb6 11. Bxc5 Nxc5 12. Kb1 Bd7 13. a3 a6 14. Bd3 Qc7 15. h4 b5 16. Qe2 b4 17. axb4 Nxd3 18. Qxd3 Nxb4 19. Qe2 a5 20. Ng5 a4 21. Rd4 Qc5 22. Qd2 a3 23. Nce4 a2+ 0-1


[Site "https://www.chess.com"]

[Event "Titled Tuesday Blitz August 1 Early 2023"]
[White "jimmy-schlumpf"]
[Black "Panesar Vedant"]
[BlackFideId "35033018"]
[WhiteElo "2386"]
[BlackElo "2708"]
[Result "0-1"]
[Round "2"]
[TimeControl "180+1"]
[Date "2023.08.01"]
[WhiteClock "0:00:00"]
[BlackClock "0:00:04"]
[Board "154"]

1. d4 Nf6 2. Nf3 d5 3. c4 e6 4. g3 dxc4 5. Bg2 c5 6. O-O Nc6 7. dxc5 Qxd1 8. Rxd1 Bxc5 9. Nbd2 c3 10. bxc3 O-O 11. Nb3 Be7 12. c4 Bd7 13. Be3 Rfc8 14. Nc5 Bxc5 15. Bxc5 Na5 16. Be7 Bc6 17. Rac1 Ba4 18. Rd4 Ne8 19. c5 Bc6 20. Bd6 Nf6 21. Ne5 Bxg2 22. Kxg2 Ne8 23. Rdd1 f6 24. Nd3 Rd8 25. Nf4 Kf7 26. e4 Rd7 27. e5 Rad8 28. Nd3 Nc6 29. f4 h5 30. h3 Nc7 31. a3 Nd5 32. Kf2 a6 33. Rd2 Nc7 0-1


[Site "https://www.chess.com"]

[Event "Titled Tuesday Blitz August 1 Early 2023"]
[White "nickVet"]
[Black "Hu, Merric"]
[BlackFideId "30906660"]
[WhiteElo "2706"]
[BlackElo "2383"]
[Result "1-0"]
[Round "2"]
[TimeControl "180+1"]
[Date "2023.08.01"]
[WhiteClock "0:01:58"]
[BlackClock "0:01:16"]
[Board "155"]

1. e4 e5 2. Nf3 Nc6 3. d4 exd4 4. Nxd4 Bc5 5. Nb3 Bb6 6. Qe2 Nf6 7. Nc3 O-O 8. Be3 Bxe3 9. Qxe3 Re8 10. O-O-O d6 11. f3 Be6 12. g4 a5 13. Bb5 Bd7 14. h4 Ne5 15. Be2 Bc6 16. g5 Nfd7 17. f4 Ng6 18. h5 Ngf8 19. Nd4 Nc5 20. Bf3 Qe7 21. Nf5 Qe6 22. Qd4 f6 23. h6 Nxe4 24. hxg7 Ng6 25. Bxe4 Bxe4 26. Nxe4 1-0


[Site "https://www.chess.com"]

[Event "Titled Tuesday Blitz August 1 Early 2023"]
[White "Kim, Yoon-Young"]
[Black "Tarasova, Viktoriya"]
[WhiteFideId "30908779"]
[BlackFideId "4175840"]
[WhiteElo "2700"]
[BlackElo "2382"]
[Result "1-0"]
[Round "2"]
[TimeControl "180+1"]
[Date "2023.08.01"]
[WhiteClock "0:00:09"]
[BlackClock "0:00:10"]
[Board "156"]

1. d4 Nf6 2. c4 e6 3. g3 d5 4. Bg2 Bb4+ 5. Nc3 O-O 6. Nf3 dxc4 7. O-O Nc6 8. a3 Be7 9. e4 Rb8 10. Qe2 b5 11. Rd1 Na5 12. d5 exd5 13. e5 Nd7 14. Nxd5 c6 15. Nxe7+ Qxe7 16. Bf4 Rb7 17. Nd4 Nc5 18. e6 Nxe6 19. Re1 Qc5 20. Nxe6 Bxe6 21. Rad1 Qf5 22. Be4 Qf6 23. Be5 Qh6 24. Bc3 Nb3 25. Bxc6 Rc7 26. Be4 Qg5 27. Rd6 Bg4 28. f3 Qc5+ 29. Kg2 Qxd6 30. Be5 Qd2 31. Bxc7 Qxe2+ 32. Rxe2 Be6 33. Be5 Rd8 34. Bc3 h6 35. g4 Nc5 36. Bc2 Nd3 37. Kg3 Kh7 38. h4 g6 39. Bf6 Rd7 40. f4 a5 41. Bc3 b4 42. axb4 axb4 43. Bf6 b3 44. Bb1 Nc5 45. h5 Bd5 46. hxg6+ fxg6 47. g5 hxg5 48. fxg5 Bg8 49. Rh2# 1-0


[Site "https://www.chess.com"]

[Event "Titled Tuesday Blitz August 1 Early 2023"]
[White "Eggleston, Thomas A"]
[Black "Ning, Kaiyu"]
[WhiteFideId "412139"]
[BlackFideId "8614750"]
[WhiteElo "2381"]
[BlackElo "2686"]
[Result "0-1"]
[Round "2"]
[TimeControl "180+1"]
[Date "2023.08.01"]
[WhiteClock "0:00:00"]
[BlackClock "0:00:56"]
[Board "157"]

1. e4 c5 2. Nf3 Nc6 3. Bb5 g6 4. Bxc6 bxc6 5. d3 Bg7 6. O-O d6 7. h3 Nf6 8. Re1 O-O 9. c4 e5 10. Nc3 Nh5 11. Nh2 Nf4 12. Ne2 Ne6 13. Rb1 Rb8 14. b3 f5 15. exf5 Rxf5 16. Ng4 Qf8 17. Ng3 Rf7 18. Be3 h5 19. Nh2 Nd4 20. Ne4 Rf5 21. Bxd4 cxd4 22. Nf3 c5 23. Nh4 Rf6 24. Nxf6+ Qxf6 25. Nf3 Bb7 26. Nd2 Rf8 27. Qe2 a5 28. Ne4 Qe7 29. a3 Rf4 30. b4 Bxe4 31. dxe4 a4 32. b5 Rf8 33. b6 Rb8 34. Rb5 Qb7 35. Qc2 Ra8 36. Reb1 Bf6 37. Qd2 Qxe4 38. b7 Rb8 39. Qe1 Qxe1+ 40. Rxe1 Kf7 41. Reb1 Bd8 42. f3 Ke6 43. Kf2 Kd7 44. Ke2 h4 45. Kd3 g5 46. Ke4 Kc6 47. Kf5 d5 48. Kxe5 dxc4 49. Ke6 c3 0-1


[Site "https://www.chess.com"]

[Event "Titled Tuesday Blitz August 1 Early 2023"]
[White "Riku-gan"]
[Black "Amanov, Zhanibek"]
[BlackFideId "13700189"]
[WhiteElo "2684"]
[BlackElo "2381"]
[Result "1/2-1/2"]
[Round "2"]
[TimeControl "180+1"]
[Date "2023.08.01"]
[WhiteClock "0:00:54"]
[BlackClock "0:00:21"]
[Board "158"]

1. d4 d5 2. Nc3 Nf6 3. Bg5 c6 4. Qd3 Bg4 5. f3 Bh5 6. e4 Bg6 7. O-O-O dxe4 8. fxe4 e5 9. dxe5 Qxd3 10. Rxd3 Nfd7 11. Nf3 Be7 12. Bxe7 Kxe7 13. Rd2 Nc5 14. Bd3 Nbd7 15. h4 h6 16. b4 Nxd3+ 17. cxd3 Nb6 18. h5 Bh7 19. Kc2 a5 20. a3 axb4 21. axb4 Ra3 22. Kb2 Rha8 23. Nd4 R3a7 24. Nf5+ Ke6 25. Nxg7+ Kxe5 26. Nf5 Bxf5 27. exf5 Na4+ 28. Nxa4 Rxa4 29. Re1+ Kxf5 30. Kc3 Ra3+ 31. Kd4 Rd8+ 32. Kc4 b5+ 33. Kc5 Rc3+ 34. Kb6 Rd4 35. Rf2+ Kg5 36. Re4 Rcxd3 37. Re5+ Kg4 38. Rxf7 Rxb4 39. Kxc6 Rbd4 40. Rg7+ Kh4 41. Re1 Rc3+ 42. Kb6 Rg4 43. Rh1+ Kg3 44. Rh7 Kxg2 45. Rb1 b4 46. Rxh6 b3 47. Rc6 Rb4+ 48. Ka5 Rxc6 49. Kxb4 Rh6 50. Rb2+ Kg3 51. Rxb3+ Kg4 52. Kc4 Kxh5 53. Kd5 Rg6 54. Ke5 Rg5+ 55. Kf6 Rg1 56. Rb8 Rf1+ 57. Ke5 Re1+ 58. Kf4 Rf1+ 59. Ke3 Re1+ 60. Kf2 Re6 61. Rg8 Rg6 62. Rf8 Kg5 63. Kf3 Rf6+ 64. Rxf6 Kxf6 1/2-1/2


[Site "https://www.chess.com"]

[Event "Titled Tuesday Blitz August 1 Early 2023"]
[White "Koshulyan, Egor A."]
[Black "Fisabilillah, Ummi"]
[WhiteFideId "24237000"]
[BlackFideId "7104804"]
[WhiteElo "2676"]
[BlackElo "2377"]
[Result "0-1"]
[Round "2"]
[TimeControl "180+1"]
[Date "2023.08.01"]
[WhiteClock "0:01:17"]
[BlackClock "0:01:21"]
[Board "159"]

1. e4 d5 2. exd5 Qxd5 3. Nc3 Qa5 4. d4 c6 5. Nf3 Bf5 6. Bc4 e6 7. O-O Nf6 8. Re1 Bb4 9. Bd2 O-O 10. Ne5 Nbd7 11. a3 Bxc3 12. Bxc3 Qc7 13. Nf3 Bg4 14. Qd3 Rad8 15. Qe3 Nb6 16. Ne5 Nxc4 17. Nxc4 Nd5 18. Qd2 Rfe8 19. Ne5 Bf5 20. Rad1 h6 21. b4 Qe7 22. Bb2 Qg5 23. Qe2 Nf4 24. Qf3 Bxc2 25. Bc1 Bxd1 26. Rxd1 Nh3+ 27. Qxh3 Qxe5 28. Qg4 Qf5 29. Qg3 Qg6 30. Qc7 e5 31. Bf4 0-1


[Site "https://www.chess.com"]

[Event "Titled Tuesday Blitz August 1 Early 2023"]
[White "Spichkin, Alexander"]
[Black "Rosen, Eric"]
[WhiteFideId "4144074"]
[BlackFideId "2032562"]
[WhiteElo "2375"]
[BlackElo "2671"]
[Result "0-1"]
[Round "2"]
[TimeControl "180+1"]
[Date "2023.08.01"]
[WhiteClock "0:00:08"]
[BlackClock "0:00:07"]
[Board "160"]

1. f4 d5 2. Nf3 g6 3. e3 Bg7 4. Be2 Nh6 5. O-O O-O 6. d3 b6 7. Qe1 Bb7 8. Nbd2 Nd7 9. e4 dxe4 10. dxe4 e5 11. fxe5 Nxe5 12. c3 Nhg4 13. Nxe5 Nxe5 14. Qg3 Qe7 15. Kh1 Rad8 16. Nf3 Bxe4 17. Bg5 f6 18. Nxe5 fxg5 19. Bc4+ Bd5 20. Nc6 Qc5 21. Bxd5+ Rxd5 22. Rxf8+ Bxf8 23. Nd4 Qd6 24. Qf3 c5 25. Nb5 Qd8 26. Rf1 Rf5 27. Qd1 Qd2 28. Qb3+ Kg7 29. Rg1 a6 30. Nc7 Bd6 31. Ne8+ Kh6 32. Nxd6 Qxd6 33. Qc4 b5 34. Qe2 Rf4 35. a3 c4 36. Qe8 Rh4 37. h3 Qg3 38. Qf8+ Kh5 39. Qc8 g4 40. Qc5+ Kh6 41. Qf8+ Kh5 42. Qf1 gxh3 43. Qd1+ Kh6 44. Qd2+ Qg5 45. Qxg5+ Kxg5 46. gxh3+ Kf5 47. Kh2 Rf4 48. Rg2 h5 49. Kg3 g5 50. Rd2 h4+ 51. Kg2 Re4 52. Rd5+ Kf4 53. Rd2 Re3 54. Rf2+ Ke4 55. Kh2 Kd3 56. Rf6 Re2+ 57. Kh1 Rxb2 58. Rxa6 Kxc3 59. Ra5 Kd2 60. a4 bxa4 61. Rd5+ Ke3 62. Rxg5 c3 63. Rc5 Kd3 64. Rd5+ Kc4 65. Rg5 c2 66. Rg4+ Kb3 67. Rg2 c1=Q+ 68. Kh2 Rxg2+ 69. Kxg2 a3 0-1


[Site "https://www.chess.com"]

[Event "Titled Tuesday Blitz August 1 Early 2023"]
[White "Do Valle Cardoso, Lucas"]
[Black "Foerster-Yialamas, Lucas"]
[WhiteFideId "2163144"]
[BlackFideId "30901774"]
[WhiteElo "2660"]
[BlackElo "2374"]
[Result "1-0"]
[Round "2"]
[TimeControl "180+1"]
[Date "2023.08.01"]
[WhiteClock "0:00:17"]
[BlackClock "0:00:31"]
[Board "161"]

1. e4 e5 2. Nf3 Nc6 3. d4 exd4 4. Bc4 Bb4+ 5. c3 dxc3 6. bxc3 Bc5 7. O-O Nf6 8. e5 Ng4 9. Bxf7+ Kxf7 10. Qd5+ Ke8 11. Qxc5 Qe7 12. Qc4 Ngxe5 13. Nxe5 Nxe5 14. Qxc7 d6 15. Qa5 b6 16. Qa4+ Bd7 17. Qd4 Rf8 18. Nd2 Nc6 19. Qd3 g6 20. Ba3 Rf6 21. Ne4 Bf5 22. Nxf6+ Qxf6 23. Qxd6 Qxd6 24. Bxd6 Rd8 25. Rad1 Na5 26. Rfe1+ Kf7 27. Bg3 Rc8 28. Be5 Nc4 29. Bd4 Nb2 30. Rd2 Nd3 31. Re3 Nf4 32. Rf3 Re8 33. h4 Ne2+ 34. Rxe2 Rxe2 35. g4 Rxa2 36. gxf5 gxf5 37. Rxf5+ Kg6 38. Rg5+ Kf7 39. Rg7+ Ke6 40. Rxh7 Kf5 41. h5 Kg5 42. h6 b5 43. Rxa7 Rxa7 44. Bxa7 Kxh6 45. Bc5 Kg6 46. Bb4 Kg5 47. Kg2 Kf5 48. f3 Kf4 49. Kf2 Ke5 50. Ke2 Kd5 51. Kf2 Kc4 52. Ke3 Kd5 53. f4 Ke6 54. Kf3 Kf6 55. Kg3 Ke6 56. Kg4 Kf6 57. f5 Ke5 58. Kg5 Kd5 59. f6 Kc6 60. Kg6 Kd7 61. Kf7 Kc6 62. Ke6 Kb6 63. Kd6 Kb7 64. Kc5 Ka6 65. Kc6 Ka7 66. Kxb5 Kb7 67. Kc5 Ka7 68. Kd5 Kb7 69. Ke6 Ka7 70. Kf7 Kb7 71. Ke7 Ka7 72. f7 Kb7 73. f8=N Ka7 74. c4 Kb7 75. Kd6 Ka7 76. Kc6 Ka6 77. Nd7 Ka7 78. Nc5 Kb8 79. Nd7+ Kc8 80. Ne5 Kd8 81. Kd6 Ke8 82. Ba5 Kf8 83. Ke6 Ke8 84. Nf7 Kf8 85. Ng5 Ke8 86. Bb6 Kf8 87. Nf7 Ke8 88. Ne5 Kf8 89. Kf6 Ke8 90. Ba5 Kf8 91. c5 Ke8 92. c6 Kf8 93. c7 Kg8 94. c8=Q+ Kh7 95. Qd7+ Kh6 96. Qg7+ Kh5 97. Qg5# 1-0


[Site "https://www.chess.com"]

[Event "Titled Tuesday Blitz August 1 Early 2023"]
[White "Kvaloy, Aksel Bu"]
[Black "Bueno, Alfeu Junior Varela"]
[WhiteFideId "1528815"]
[BlackFideId "2108879"]
[WhiteElo "2646"]
[BlackElo "2374"]
[Result "0-1"]
[Round "2"]
[TimeControl "180+1"]
[Date "2023.08.01"]
[WhiteClock "0:01:12"]
[BlackClock "0:00:42"]
[Board "162"]

1. b3 d5 2. Bb2 Nf6 3. e3 c5 4. f4 a6 5. Nf3 Bg4 6. Be2 Bxf3 7. Bxf3 Nc6 8. O-O e6 9. d3 Bd6 10. Be2 O-O 11. Nd2 e5 12. fxe5 Bxe5 13. Bxe5 Nxe5 14. h3 Qe7 15. Qe1 Rfe8 16. Qg3 Ng6 17. Rf3 Qe5 18. Qf2 Qxa1+ 19. Kh2 Qe5+ 20. g3 b5 21. Nf1 Re7 22. Kg2 Rae8 23. g4 Qg5 24. Kh2 h5 25. Rf5 Qh4 26. Qxh4 Nxh4 27. Rf2 hxg4 28. Kg3 Ng6 29. hxg4 a5 30. c3 a4 31. d4 axb3 32. axb3 Ne4+ 33. Kg2 Nxf2 34. Kxf2 cxd4 35. cxd4 b4 36. Bd3 Rc8 37. Ng3 Rc3 38. Nf5 Rxd3 0-1


[Site "https://www.chess.com"]

[Event "Titled Tuesday Blitz August 1 Early 2023"]
[White "Luong Phuong Hanh"]
[Black "Kwon, Sehyun"]
[WhiteFideId "12401013"]
[BlackFideId "13203088"]
[WhiteElo "2374"]
[BlackElo "2642"]
[Result "0-1"]
[Round "2"]
[TimeControl "180+1"]
[Date "2023.08.01"]
[WhiteClock "0:01:15"]
[BlackClock "0:02:19"]
[Board "163"]

1. d4 Nf6 2. Nf3 b6 3. e3 Bb7 4. Bd3 g6 5. O-O Bg7 6. c4 O-O 7. Nc3 d5 8. b3 c5 9. Bb2 cxd4 10. exd4 Nc6 11. Rc1 Rc8 12. Bb1 dxc4 13. bxc4 Na5 14. Ne5 Nxc4 15. Nxc4 Rxc4 16. Nb5 Qd5 17. Qf3 Rxc1 18. Bxc1 Qxb5 19. Qxb7 Qxb1 0-1


[Site "https://www.chess.com"]

[Event "Titled Tuesday Blitz August 1 Early 2023"]
[White "Stork, Oliver"]
[Black "Moskvin, Anatoly"]
[WhiteFideId "12955728"]
[BlackFideId "24199990"]
[WhiteElo "2373"]
[BlackElo "2634"]
[Result "1-0"]
[Round "2"]
[TimeControl "180+1"]
[Date "2023.08.01"]
[WhiteClock "0:00:05"]
[BlackClock "0:00:40"]
[Board "164"]

1. e4 e5 2. Nf3 Nc6 3. Bb5 Nge7 4. O-O a6 5. Ba4 d6 6. Nc3 Bd7 7. d3 Ng6 8. Nd5 Be7 9. Bxc6 Bxc6 10. c4 h6 11. Be3 Bg5 12. Qd2 Bxe3 13. fxe3 O-O 14. Qf2 f5 15. exf5 Rxf5 16. e4 Rf8 17. Qg3 Nf4 18. Nxf4 Rxf4 19. Nd2 Qf6 20. Rf3 Rxf3 21. Qxf3 Qxf3 22. gxf3 Bd7 23. Kf2 Rf8 24. h4 Rf6 25. Ke3 Kf7 26. Rg1 Rf4 27. Rh1 a5 28. b3 c6 29. a3 Kg6 30. Nf1 Be6 31. Rg1+ Kf7 32. Rh1 d5 33. Ng3 g6 34. d4 dxe4 35. Nxe4 Ke7 36. dxe5 Rf5 37. f4 a4 38. Nd6 Rf8 39. b4 Rg8 40. Rg1 b6 41. c5 bxc5 42. bxc5 Bb3 43. f5 gxf5 44. Rxg8 Bxg8 45. Nxf5+ Ke6 46. Kf4 Bh7 47. Ne3 Bg6 48. Ng4 h5 49. Ne3 Bh7 50. Nc4 Kd5 51. Nb2 Kxc5 52. Nxa4+ Kc4 53. e6 Bg8 54. e7 Bf7 55. Ke5 Kb5 56. Nc3+ Kc4 57. Ne4 Kb3 58. Nd6 Bg6 59. Kf6 1-0


[Site "https://www.chess.com"]

[Event "Titled Tuesday Blitz August 1 Early 2023"]
[White "Perdomo, Carlos Andres"]
[Black "Rosenberg, Evan S"]
[WhiteFideId "4400852"]
[BlackFideId "2019299"]
[WhiteElo "2625"]
[BlackElo "2373"]
[Result "0-1"]
[Round "2"]
[TimeControl "180+1"]
[Date "2023.08.01"]
[WhiteClock "0:00:08"]
[BlackClock "0:00:19"]
[Board "165"]

1. Nf3 d5 2. d4 Bf5 3. e3 e6 4. Be2 Nf6 5. O-O h6 6. b3 c6 7. Bb2 Nbd7 8. c4 Be7 9. Nc3 O-O 10. Bd3 Re8 11. Rc1 Bxd3 12. Qxd3 Bd6 13. Rfe1 e5 14. dxe5 Nxe5 15. Nxe5 Bxe5 16. h3 Ne4 17. Re2 Nxc3 18. Bxc3 Bxc3 19. Qxc3 d4 20. Qd3 dxe3 21. Rxe3 Qxd3 22. Rxd3 Re2 23. Rd7 b6 24. a4 c5 25. Rc3 Kf8 26. Rg3 g6 27. Re3 Rxe3 28. fxe3 Re8 29. Kf2 Re7 30. Rd8+ Kg7 31. Kf3 h5 32. e4 Kf6 33. h4 Ke6 34. Rd5 f6 35. Kf4 Rf7 36. Rd8 Rg7 37. Re8+ Kd6 38. g3 Kd7 39. Ra8 Ke6 40. Re8+ Kd7 41. Rf8 Ke7 42. Rb8 Ke6 43. Rd8 g5+ 44. hxg5 fxg5+ 45. Ke3 h4 46. Re8+ Kf7 47. Rh8 hxg3 48. Kf3 Ke6 49. Kxg3 g4 50. Rd8 Ke5 51. Re8+ Kd4 52. e5 Kc3 53. e6 Kxb3 54. e7 Kxc4 55. a5 Kb5 56. axb6 axb6 57. Kf4 g3 58. Kf5 g2 59. Kf6 g1=Q 0-1


[Site "https://www.chess.com"]

[Event "Titled Tuesday Blitz August 1 Early 2023"]
[White "Przybylski, Wojciech"]
[Black "Rodriguez Santiago, Jaime"]
[WhiteFideId "1117599"]
[BlackFideId "3100898"]
[WhiteElo "2624"]
[BlackElo "2370"]
[Result "1-0"]
[Round "2"]
[TimeControl "180+1"]
[Date "2023.08.01"]
[WhiteClock "0:00:08"]
[BlackClock "0:00:05"]
[Board "166"]

1. d4 Nf6 2. c4 e6 3. Nf3 d5 4. g3 c5 5. cxd5 Nxd5 6. Bg2 Nc6 7. e4 Nb6 8. O-O cxd4 9. a4 a5 10. Na3 e5 11. Nb5 Be7 12. Nd2 O-O 13. f4 exf4 14. gxf4 d3 15. Kh1 Nb4 16. Nb3 Bd7 17. N3d4 Bc5 18. e5 Bc6 19. Nxc6 bxc6 20. Nc3 Rc8 21. Ne4 Be7 22. f5 f6 23. e6 c5 24. Bd2 c4 25. Qh5 Qe8 26. Qh4 g5 27. fxg6 Qxg6 28. Bf3 Kh8 29. Rg1 Qf5 30. Raf1 Rg8 31. Bg2 Qxe6 32. Bh3 Qd5 33. Bxc8 Nxc8 34. Rxg8+ Kxg8 35. Rg1+ Kf8 36. Rg2 Ke8 37. Qg4 f5 38. Qh5+ Kd7 39. Ng3 Nd6 40. Qxh7 Nc2 41. Bg5 Qe5 42. h4 Qe1+ 43. Kh2 Nd4 44. Qh5 Nf3+ 45. Qxf3 Bxg5 46. hxg5 Ne4 47. Nxf5 Nxg5 48. Qg4 Qe2 49. Qxe2 dxe2 50. Rxe2 Nf3+ 51. Kg3 Nd4 52. Nxd4 Kd6 53. Nb5+ Kc5 54. Nc3 Kb4 55. Re5 Kb3 56. Rb5+ Kc2 57. Kf4 1-0


[Site "https://www.chess.com"]